 Dungeon Crawl Stone Soup version 0.23.1-38-g628c18f (webtiles) character file.

Game seed: 7677740612617571460

4578 Borgoz the Covered (level 10, -4/60 HPs)
             Began as a Gargoyle Gladiator on Mar 28, 2019.
             Was a Follower of Ashenzari.
             Splashed by Maurice's acid (10 damage)
             ... on level 8 of the Dungeon.
             The game lasted 00:18:11 (7930 turns).

Borgoz the Covered (Gargoyle Gladiator)             Turns: 7930, Time: 00:18:11

Health: -4/60      AC: 14    Str: 17    XL:     10   Next: 41%
Magic:  13/13      EV: 15    Int: 10    God:    Ashenzari [*.....]
Gold:   492        SH:  0    Dex: 14    Spells: 13/13 levels left

rFire    . . .     SeeInvis .   a - +3 rapier (curse)
rCold    + + .     Gourm    .   (no shield)
rNeg     + . .     Faith    .   k - +1 leather armour {rC+}
rPois    ∞         Spirit   .   c - +0 helmet
rElec    +         Reflect  .   y - +0 cloak
rCorr    .         Harm     .   (no gloves)
MR       .....                  (no boots)
Stlth    +++.......             (no amulet)
HPRegen  0.60/turn              l - ring of protection from cold
MPRegen  0.13/turn              (no ring)

@: no status effects
A: thin skeletal structure 1, blink, clumsy 1, negative energy resistance 1,
regeneration 1, electricity resistance, unbreathing, petrification resistance,
rot immunity, AC +7
a: Blink, Curse Item, Scrying, Renounce Religion


You were on level 8 of the Dungeon.
You worshipped Ashenzari.
Ashenzari was aware of your devotion.
You were not hungry.

You visited 2 branches of the dungeon, and saw 9 of its levels.
You also visited: Sewer.

You collected 492 gold pieces.

Inventory:

Hand Weapons
 a - a cursed +3 rapier (weapon)
 b - a +0 blowgun
 u - a +3 dagger
 A - a +1 dagger of speed
Missiles
 d - 5 throwing nets (quivered)
 g - 5 exploding tomahawks
 r - 48 poisoned needles
Armour
 c - a +0 helmet (worn)
 k - a +1 leather armour of cold resistance (worn)
 y - a +0 cloak (worn)
Jewellery
 l - a ring of protection from cold (left hand)
Wands
 w - a wand of random effects (11)
Scrolls
 h - a scroll of fog
 i - a scroll of identify
 j - 2 scrolls of amnesia
 n - 2 scrolls of enchant armour
 o - 7 scrolls of remove curse
 p - a scroll of blinking
 t - 3 scrolls of teleportation
 B - a scroll of fear {unknown}
Potions
 e - a potion of resistance
 m - a potion of mutation
 q - 10 potions of curing
 s - 6 potions of heal wounds
 v - a potion of flight
 x - 3 potions of brilliance
Comestibles
 f - 19 rations
 z - 18 chunks of flesh


   Skills:
 + Level 5.9 Fighting
 * Level 7.1 Short Blades
 + Level 3.0 Throwing
 * Level 7.8 Armour
 * Level 6.5 Dodging
 + Level 5.8 Stealth
 + Level 2.2 Spellcasting


You had 13 spell levels left.
You didn't know any spells.
Your spell library was empty.

Dungeon Overview and Level Annotations

Branches:
Dungeon (8/15)             Temple (1/1) D:5
   Lair: D:8-11

Altars:
Ashenzari
Cheibriados
Dithmenos
Elyvilon
Fedhas
Gozag
Hepliaklqana
Kikubaaqudgha
Makhleb
Nemelex Xobeh
Okawaru
Qazlal
Ru
Sif Muna
Trog
Uskayaw
Vehumet
Wu Jian
Xom
Yredelemnul
Zin
The Shining One

Shops:
D:6 }

Annotations:
D:8 Maurice


Innate Abilities, Weirdness & Mutations

You are resistant to torment.
Your stone body is resilient. (AC +7)
You are immune to poison.
You resist negative energy. (rN+)
You are resistant to electric shocks. (rElec)
You can survive without breathing.
You are immune to petrification.
You are immune to rotting.
You have a somewhat thin skeletal structure. (Dex +2, Stealth)
You can translocate small distances at will.
You are clumsy. (Dex -2)
Your natural rate of healing is unusually fast.


Message History

Maurice is moderately wounded.
A wolf comes into view.
An electric eel comes into view.
You hit Maurice.
Maurice is moderately wounded.
A wight comes into view. It is wielding a +0 spear.
Maurice zaps a wand.
The bolt of acid hits you!
You are splashed with acid!
You are too injured to fight recklessly!
Unknown command.
Things that are here:
2 scrolls of remove curse; a scorpion corpse
o - 7 scrolls of remove curse (gained 2) Maurice tries to hide in the shadows.
Maurice hits you but does no damage.
Maurice gestures wildly while chanting.
Maurice blinks!
Maurice says, "Nice gear.
Can I borrow some?"
Maurice zaps a wand.
The bolt of acid hits you!!
* * * LOW HITPOINT WARNING * * *
You are splashed with acid!
You die...

#..≈≈≈.≈.;≈≈
#[..≈≈.;.≈≈≈≈...
#$...≈...≈≈...≈
#..............
#.............
#T#######.#
#†...#..#.########
#...@.#............
#..@..#............
#.....#.>.........
#.....'...........
##...##...###..###..
######...###..###..
#...........+..
#...........#..
######
#...........#..
.....#
##....##...^...


You could see Maurice and a troll.

Vanquished Creatures
  Harold (D:8)
  A two-headed ogre (D:8)
  2 hippogriffs
  Sigmund (D:6)
  A hornet zombie (D:6)
  An ice beast (D:7)
  2 phantoms
  3 ogres
  A black bear (D:8)
  2 centaurs (D:7)
  3 big kobolds (Sewer)
  2 bullfrogs
  4 scorpions
  5 killer bees
  A howler monkey (D:6)
  A crimson imp (D:8)
  A jelly (D:6)
  5 orc priests
  3 hounds
  3 bullfrog zombies
  7 orc wizards
  2 iguanas
  6 worker ants
  A worker ant zombie (D:8)
  7 gnolls
  4 adders
  5 river rats (Sewer)
  A shadow imp (D:8)
  2 oozes
  2 adder skeletons
  5 worms
  A dart slug (D:1)
  3 leopard geckos
  26 orcs
  3 bats
  3 giant cockroaches
  4 goblins
  8 hobgoblins
  10 jackals
  A quokka (D:7)
  8 ball pythons
  A ball python skeleton (D:4)
  4 frilled lizards
  27 kobolds
  A leopard gecko zombie (D:6)
  A quokka skeleton (D:8)
  23 rats
  A spectral orc (D:7)
210 creatures vanquished.

Vanquished Creatures (others)
  A plant (D:3)
1 creature vanquished.

Grand Total: 211 creatures vanquished

Notes
Turn   | Place    | Note
-------+----------+-------------------------------------------
     0 | D:1      | Borgoz the Gargoyle Gladiator began the quest for the Orb.
     0 | D:1      | Reached XP level 1. HP: 12/12 MP: 1/1
   302 | D:1      | Reached XP level 2. HP: 15/17 MP: 2/2
   403 | D:1      | Reached skill level 1 in Armour
   941 | D:2      | Reached XP level 3. HP: 22/22 MP: 3/3
  1640 | D:3      | Reached skill level 1 in Stealth
  1640 | D:3      | Reached XP level 4. HP: 18/27 MP: 4/4
  1747 | D:3      | Found a blossoming altar of Fedhas.
  1773 | D:2      | HP: 1/27 [gnoll (5)]
  2021 | D:3      | HP: 1/27 [orc priest/divine providence (15)]
  2422 | D:3      | Reached XP level 5. HP: 31/31 MP: 5/5
  3063 | D:3      | Found a sparkling altar of Nemelex Xobeh.
  3303 | D:4      | Noticed an ogre
  3308 | D:4      | Killed an ogre
  3308 | D:4      | Reached XP level 6. HP: 18/37 MP: 6/6
  3382 | D:4      | Found a glowing drain.
  3407 | D:4      | Noticed a phantom
  3434 | D:4      | Gained mutation: You have a somewhat thin skeletal
                  | structure. (Dex +2, Stealth) [potion of mutation]
  3434 | D:4      | Gained mutation: Your natural rate of healing is unusually
                  | fast. [potion of mutation]
  3434 | D:4      | Gained mutation: You are clumsy. (Dex -2) [potion of
                  | mutation]
  3434 | D:4      | Gained mutation: You can translocate small distances at
                  | will. [potion of mutation]
  3463 | Sewer    | Entered a sewer
  3768 | Sewer    | Reached XP level 7. HP: 36/41 MP: 7/7
  4231 | D:4      | Found a sacrificial altar of Ru.
  4231 | D:4      | Found a sparkling altar of Nemelex Xobeh.
  4234 | D:4      | Found a snail-covered altar of Cheibriados.
  4234 | D:4      | Found an iron altar of Okawaru.
  4235 | D:4      | Found a hide-covered altar of Uskayaw.
  4235 | D:4      | Found a white marble altar of Elyvilon.
  4236 | D:4      | Found a shadowy altar of Dithmenos.
  4284 | D:4      | Found an ornate altar of the Wu Jian Council.
  4355 | D:4      | Reached XP level 8. HP: 32/48 MP: 8/8
  4571 | D:4      | Found an opulent altar of Gozag.
  4768 | D:5      | Entered Level 5 of the Dungeon
  4835 | D:5      | Found a staircase to the Ecumenical Temple.
  4866 | Temple   | Entered the Ecumenical Temple
  4913 | Temple   | Became a worshipper of Ashenzari the Shackled
  5239 | D:5      | Reached skill level 5 in Short Blades
  5239 | D:5      | Reached skill level 5 in Armour
  5280 | D:5      | Found a glowing silver altar of Zin.
  5540 | D:6      | Noticed Sigmund
  5556 | D:6      | Killed Sigmund
  5610 | D:6      | Reached * piety under Ashenzari
  5622 | D:6      | Reached skill level 5 in Dodging
  5791 | D:6      | Found Ozuatej's Gadget Boutique.
  6415 | D:6      | Reached XP level 9. HP: 51/52 MP: 9/9
  6616 | D:7      | Found a shimmering altar of Xom.
  6853 | D:6      | Reached skill level 5 in Fighting
  6953 | D:7      | Found a basalt altar of Yredelemnul.
  7278 | D:7      | Reached skill level 5 in Stealth
  7340 | D:7      | Reached skill level 1 in Spellcasting
  7741 | D:8      | Noticed Harold
  7768 | D:8      | Killed Harold
  7768 | D:8      | Reached XP level 10. HP: 39/60 MP: 12/12
  7854 | D:8      | Noticed a two-headed ogre
  7867 | D:8      | Killed a two-headed ogre
  7917 | D:8      | Noticed Maurice
  7930 | D:8      | Splashed by Maurice's acid

Skill      XL: |  1  2  3  4  5  6  7  8  9 10 |
---------------+-------------------------------+-----
Armour         | 1 2 3 4 5 7 |  7.8
Short Blades   | 3 4 5 6 7 |  7.1
Dodging        | 3 4 5 6 |  6.5
Stealth        | 1 2 3 4 5 |  5.8
Fighting       | 3 4 5 |  5.9
Throwing       | 2 3 |  3.0
Spellcasting   | 1 2 |  2.2

Action                   |  1- 3 |  4- 6 |  7- 9 | 10-12 || total
-------------------------+-------+-------+-------+-------++-------
Melee: Rapier            |    90 |   316 |   544 |    37 ||   987
Throw: Throwing net      |       |     3 |     4 |     1 ||     8
Invok: Curse Item        |       |       |     1 |       ||     1
  Use: Scroll            |     1 |       |    13 |       ||    14
       Potion            |       |     9 |     4 |     1 ||    14
 Stab: Sleeping          |       |     3 |    12 |     1 ||    16
       Held in net/web   |       |     1 |     4 |     3 ||     8
       Distracted        |       |       |       |     1 ||     1
  Eat: Chunk             |     2 |     7 |    14 |     1 ||    24
Armor: Leather armour    |    26 |   148 |   248 |    31 ||   453
Dodge: Dodged            |    49 |   337 |   470 |    70 ||   926
